 Dungeon Crawl Stone Soup version 0.31-a0-788-ga445dbd2db (webtiles) character file.

Game seed: 2719922901826220904

2671 trollebol the Grappler (level 9, 0/85 HPs)
             Began as a Troll Berserker on Sept 18, 2023.
             Was an Elder of Trog.
             Slain by a killer bee (4 damage)
             ... on level 6 of the Dungeon.
             The game lasted 00:14:46 (5606 turns).

trollebol the Grappler (Troll Berserker)            Turns: 5606, Time: 00:14:48

Health: 0/85       AC:  4    Str: 27    XL:     9   Next: 37%
Magic:  8/8        EV: 10    Int:  5    God:    Trog [****..]
Gold:   324        SH:  8    Dex: 11    Spells: 8/8 levels left

rFire   . .          .
                       - Unarmed
rCold   . . .        q - +0 kite shield
rNeg    . . .        a - +0 animal skin
rPois   .            (helmet restricted)
rElec   .            (no cloak)
rCorr   .            (gloves unavailable)
SInv    .            (boots unavailable)
Will    +....        (no amulet)
Stlth   ++           o - ring of willpower
HPRegen 1.14/turn    (no ring)
MPRegen 0.11/turn

%: no passive effects
@: lethally poisoned (0 -> -2)
A: large, unfitting armour, claws 3, regeneration 1, shaggy fur 1, tough skin 1
a: Renounce Religion, Berserk, Trog's Hand, Brothers in Arms


You were on level 6 of the Dungeon.
You worshipped Trog.
Trog was greatly pleased with you.
You visited 1 branch of the dungeon, and saw 7 of its levels.

You collected 324 gold pieces.

Inventory:

Missiles
 r - 4 javelins
Armour
 a - a +0 animal skin (worn)
 q - a +0 kite shield (worn)
Jewellery
 o - a ring of willpower (left claw)
Wands
 t - a wand of paralysis (9)
Scrolls
 g - 2 scrolls of enchant weapon
 h - 2 scrolls of teleportation
 j - a scroll of noise {unknown}
 k - a scroll of blinking {unknown}
 l - a scroll of fear {unknown}
 n - a scroll of fog {unknown}
 u - a scroll of enchant armour {unknown}
Potions
 b - 2 potions of curing
 c - a potion of enlightenment
 d - a potion of degeneration {unknown}
 e - a potion of resistance
 f - a potion of ambrosia {unknown}
 i - 2 potions of heal wounds
 p - 2 potions of attraction {unknown}
 s - a potion of brilliance {unknown}


   Skills:
 * Level 4.7 Fighting
 * Level 5.3 Dodging
 - Level 2.0 Stealth
 * Level 2.6 Shields
 * Level 9.7 Unarmed Combat


You had 8 spell levels left.
You didn't know any spells.
Your spell library was empty.

Dungeon Overview and Level Annotations

Branches:
Dungeon (7/15)             Temple (0/1) D:6

Altars:
Ashenzari
Vehumet

Shops:
D:4 :

Annotations:
D:3 3 runed translucent doors, PotatoSalad1221's ghost, amateur DrSh


Innate Abilities, Weirdness & Mutations

You are too large for most types of armour.
You have claws for hands.
Your natural rate of healing is unusually fast.
You are covered in fur. (AC +1)
You have tough skin. (AC +1)


Message History

You feel sick. The killer bee stings you.
You feel sick. The killer bee closely misses you.
You feel sick.
The killer bee attacks as it pursues you!
The killer bee stings you. You block the killer bee's attack.
You feel sick.
You are no longer poisoned.
The killer bee attacks as it pursues you!
The killer bee stings you. x2
You are poisoned.
The killer bee poisons you! You block the killer bee's attack.
The killer bee barely misses you.
There is a stone staircase leading up, spattered with blood here.
You feel sick. The killer bee stings you.
* * * LOW HITPOINT WARNING * * *
You block the killer bee's attack. x2; The killer bee barely misses you.
You block the killer bee's attack. The killer bee closely misses you.
The killer bee stings you.
* * * LOW HITPOINT WARNING * * *
You are more poisoned.
The killer bee poisons you! The killer bee completely misses you.
You climb upwards.
You feel very sick.
There is a stone staircase leading down here.
You feel sick. The killer bee stings you!
* * * LOW HITPOINT WARNING * * *
The killer bee attacks as it pursues you!
The killer bee closely misses you. You block the killer bee's attack.
The killer bee stings you!
* * * LOW HITPOINT WARNING * * *
You block the killer bee's attack. The killer bee stings you.
* * * LOW HITPOINT WARNING * * *
Unknown command.
You feel better.
The killer bee stings you but does no damage.
The killer bee stings you!
* * * LOW HITPOINT WARNING * * *
You are poisoned.
The killer bee poisons you! The killer bee stings you.
You die...

......###.#.#.##8#'#...#######...
......'.......#.>..........# #...
......###.#...#.8..........# #...
'##...# #.#...#............###...
.##...# #.#...#..[..........##...
.##...# #.#...#)............##...
.###### #.#....##........##.#####
.########.#.#..##y.##....##.#####
..........#.#...@yy##....##.#....
.##########...)##y.##....##.#.###
.#.............##..##....##.#.#
.##.##########.##..########.#.#
.##.# #.##..# ######.#.# .##.#
######.##..# #......#.# .##.#
#..........# #.######.# .##.#
#.####.###.# #.# #.# .##.#
#.##.....#.# #.# #.#


You could see 4 killer bees.

Vanquished Creatures
  A wyvern (D:6)
  A steam dragon (D:7)
  A water moccasin (D:6)
  An ice beast (D:7)
  2 orc warriors (D:7)
  2 ogres
  2 centaurs (D:6)
  2 phantoms
  A gnoll sergeant (D:7)
  6 scorpions
  5 wights (D:6)
  A howler monkey (D:5)
  3 hounds
  4 orc priests
  4 iguanas
  3 sleepcaps
  8 orc wizards
  7 adders
  A shadow imp (D:6)
  2 white imps (D:6)
  2 ufetubi
  A worm (D:3)
  6 dart slugs
  25 orcs
  7 endoplasms
  2 giant cockroaches (D:1)
  9 goblins
  8 hobgoblins
  6 jackals
  6 quokkas
  6 ball pythons
  2 bats
  A frilled lizard (D:1)
  9 kobolds
  10 rats
157 creatures vanquished.

Notes
Turn   | Place    | Note
-------+----------+-------------------------------------------
     0 | D:1      | trollebol the Troll Berserker began the quest for the Orb.
     0 | D:1      | Reached XP level 1. HP: 22/22 MP: 0/0
    50 | D:1      | Reached XP level 2. HP: 29/29 MP: 1/1
   652 | D:1      | Reached XP level 3. HP: 36/36 MP: 2/2
  1089 | D:2      | Reached ** piety under Trog
  1651 | D:2      | Reached XP level 4. HP: 44/44 MP: 3/3
  1692 | D:3      | Found a radiant altar of Vehumet.
  1700 | D:3      | Reached skill level 4 in Unarmed Combat
  2133 | D:3      | Found a runed translucent gate.
  2134 | D:3      | Noticed PotatoSalad1221's ghost (amateur DrSh)
  2135 | D:3      | Reached *** piety under Trog
  2136 | D:3      | Found a runed translucent gate.
  2137 | D:3      | Found a runed translucent gate.
  2520 | D:3      | Reached XP level 5. HP: 42/53 MP: 4/4
  2596 | D:4      | Reached skill level 5 in Unarmed Combat
  2646 | D:4      | Reached XP level 6. HP: 61/61 MP: 5/5
  2648 | D:4      | Reached skill level 1 in Stealth
  3077 | D:4      | Found Zeytipy's Book Shoppe.
  3077 | D:4      | Noticed a walking frostbound tome
  3079 | D:4      | Noticed a walking divine tome
  3159 | D:5      | Entered Level 5 of the Dungeon
  3169 | D:5      | Reached skill level 6 in Unarmed Combat
  3174 | D:5      | Found a broken altar of Ashenzari.
  3178 | D:5      | Reached XP level 7. HP: 67/67 MP: 6/6
  3476 | D:5      | Reached **** piety under Trog
  3504 | D:5      | Reached skill level 7 in Unarmed Combat
  3917 | D:5      | You fall into a shaft and drop 1 floor!
  3970 | D:6      | Reached skill level 1 in Shields
  3970 | D:6      | Reached XP level 8. HP: 78/78 MP: 7/7
  4223 | D:6      | Reached skill level 8 in Unarmed Combat
  4329 | D:6      | Found a staircase to the Ecumenical Temple.
  4727 | D:6      | Reached skill level 5 in Dodging
  4766 | D:6      | Reached XP level 9. HP: 73/85 MP: 8/8
  4771 | D:6      | Reached skill level 9 in Unarmed Combat
  5605 | D:6      | HP: 4/85 [killer bee (7)]
  5605 | D:6      | HP: 1/85 [killer bee (3)]
  5606 | D:6      | Slain by a killer bee

Illustrated notes

Levels and vault maps discovered:
D:1:      psy_arrival_whirlpool, layout_basic
D:2:      layout_rooms, hangedman_glass_teeth, nrook_uturn, serial_bayou_pond_a
D:3:      layout_basic, nicolae_vehumet_radiance, biasface_ghost_orc_armoury
D:4:      layout_basic, serial_shops, nicolae_shop_mannequins
D:5:      layout_loops_ring, mainiacjoe_overflow_paths
D:6:      layout_basic, temple_statues
D:7:      layout_cave_pools

Skill      XL: |  1  2  3  4  5  6  7  8  9 |
---------------+----------------------------+-----
Unarmed Combat | 4 5 6 7 8 9 |  9.7
Dodging        | 3 4 5 |  5.3
Fighting       | 3 4 |  4.7
Stealth        | 1 2 |  2.0
Shields        | 1 2 |  2.6

Action                     |  1- 3 |  4- 6 |  7- 9 || total
---------------------------+-------+-------+-------++-------
  Melee: Unarmed           |   113 |   124 |   188 ||   425
         Punch             |     5 |     4 |     4 ||    13
    Use: Scroll            |     3 |     4 |     2 ||     9
         Potion            |       |       |     5 ||     5
   Stab: Sleeping          |       |     1 |     1 ||     2
         Distracted        |       |       |     1 ||     1
 Armour: Animal skin       |    66 |    75 |   179 ||   320
  Dodge: Dodged            |    51 |    52 |   101 ||   204
  Block: Kite shield       |       |       |    20 ||    20

Table legend: (Time is in decaauts)
 A = Elapsed time spent in this place.
 B = Non-inter-level travel time spent in this place.
 C = Inter-level travel time spent in this place.
 D = Time resting spent in this place.
 E = Time spent auto-exploring this place.
 F = Levels seen in this place.
 G = Mean time per level.
                   A        B        C        D        E       F      G
               +--------+--------+--------+--------+--------+-----+--------+
         Total |   5562 |   5108 |    454 |    160 |   3473 |   7 |  794.6 |
       Dungeon |   5562 |   5108 |    454 |    160 |   3473 |   7 |  794.6 |
               +--------+--------+--------+--------+--------+-----+--------+

Top non-repeatable levels by time:
     D:6: 1256 daAuts
     D:1: 1069 daAuts
     D:5: 844 daAuts
     D:3: 823 daAuts
     D:4: 639 daAuts
     D:2: 610 daAuts
     D:7: 318 daAuts
